 Dungeon Crawl Stone Soup version 0.20.1-1-g8b1a95d (webtiles) character file.

85 Flubber the Magician (level 4, -1/35 HPs)
             Began as a Draconian Air Elementalist on Oct 6, 2017.
             Slain by an orc wizard
             ... wielding a +0 dagger
              (2 damage)
             ... on level 2 of the Dungeon.
             The game lasted 00:12:54 (1288 turns).

Flubber the Magician (Draconian Air Elementalist)   Turns: 1288, Time: 00:12:55

Health: -1/35      AC:  5    Str: 10    XL:     4   Next: 25%
Magic:  1/8        EV: 13    Int: 17    God:
Gold:   110        SH:  0    Dex: 11    Spells: 6/9 levels left

rFire    . . .     SeeInvis .   g - +2 spear (pierce)
rCold    . . .     Gourm    .   (no shield)
rNeg     . . .     Faith    .   (armour unavailable)
rPois    +         Spirit   .   (helmet restricted)
rElec    .         Reflect  .   (no cloak)
rCorr    .         Harm     .   (no gloves)
MR       .....                  (no boots)
Stlth    ++........             (no amulet)
Regen    0.2/turn               h - ring of poison resistance
MPRegen  0.2/turn               (no ring)

@: no status effects
A: unfitting armour, cold-blooded, AC +5
a: no special abilities


You were on level 2 of the Dungeon.
You were very hungry.

You visited 1 branch of the dungeon, and saw 2 of its levels.

You collected 110 gold pieces.

Inventory:

Hand Weapons
 e - a +0 dagger
 g - a +2 spear of piercing (weapon)
Missiles
 d - 13 poisoned needles
Jewellery
 h - a ring of poison resistance (left hand)
Books
 a - a book of Air

   Spells                             Type                      Level
   a - Shock                          Conjuration/Air              1
   b - Swiftness                      Charms/Air                   2
   c - Static Discharge               Conjuration/Air              3
   d - Airstrike                      Air                          4
   e - Lightning Bolt                 Conjuration/Air              5
Comestibles
 b - 3 bread rations
 c - 4 fruits


   Skills:
 - Level 1.0 Fighting
 - Level 1.0 Polearms
 + Level 2.8 Dodging
 - Level 1.7 Stealth
 + Level 3.1 Spellcasting
 - Level 1.0 Conjurations
 - Level 3.0 Air Magic


You had 6 spell levels left.
You knew the following spells:

 Your Spells              Type           Power        Failure   Level  Hunger
a - Shock                 Conj/Air       #...         8%          1    None
b - Swiftness             Chrm/Air       #.......     14%         2    ##.....


Dungeon Overview and Level Annotations

Branches:
Dungeon (2/15)

Altars:


Innate Abilities, Weirdness & Mutations

Your plain brown scales are hard. (AC +5)
You cannot fit into any form of body armour.
You are cold-blooded and may be slowed by cold attacks.


Message History

The zap hits the orc.
The orc is severely wounded.
The zap misses the orc.
The orc wizard hits you with a dagger. The orc wizard casts a spell at you.
The puff of flame hits you!
* * * LOW HITPOINT WARNING * * *
You barely miss the orc wizard.
The orc wizard is lightly wounded.
The orc wizard hits you with a dagger.
* * * LOW HITPOINT WARNING * * *
The orc wizard casts a spell at you. The puff of frost hits you!
You aren't carrying any potions.
Okay, then.
The orc wizard hits you with a dagger.
* * * LOW HITPOINT WARNING * * *
Your magical contamination has completely faded away.
The orc wizard casts a cantrip, but nothing happens.
The orc wizard hits you with a dagger.
You die...

#.#####.# #.......# #.#.....#
#.#.###### #.##.....###
###########.#........#
#.)..o.o..#.#.....)#.#
#)#######o#.#......#.#####
#.##....#@#.#.[..#.#.#.... ###
#o##.##.#.#.#....#.#.#.###
.....#o##.#..#.#.#....#.#.#.# #
....o.o...)#..#.#......#.#.#.###
.....o#.##.#.##.###.#..#.#.#.#..
....#.#..#......###.####.#..w#.#
... # #..#.#........#..[...#.#.#
.o #.............#.##.#.#...# .
#..≈≈≈≈.≈≈≈≈≈.#.#....#.###


You could see an orc wizard.

Vanquished Creatures
  2 orc wizards (D:2)
  A worm (D:2)
  2 dart slugs (D:1)
  A ball python (D:2)
  A giant cockroach (D:1)
  A goblin (D:1)
  A hobgoblin (D:1)
  3 bats (D:1)
  2 frilled lizards
  4 kobolds (D:1)
  6 rats
24 creatures vanquished.

Notes
Turn   | Place    | Note
-------+----------+-------------------------------------------
     0 | D:1      | Flubber the Draconian Air Elementalist began the quest for the Orb.
     0 | D:1      | Reached XP level 1. HP: 14/14 MP: 3/3
   256 | D:1      | Reached XP level 2. HP: 22/22 MP: 3/5
   288 | D:1      | Learned a level 2 spell: Swiftness
   509 | D:1      | Reached skill level 1 in Polearms
   934 | D:1      | Reached skill level 1 in Fighting
  1274 | D:2      | Reached XP level 3. HP: 12/28 MP: 1/7
  1279 | D:2      | Reached XP level 4. HP: 15/35 MP: 1/8
  1284 | D:2      | HP: 1/35 [orc wizard/dagger (1)]
  1288 | D:2      | Slain by an orc wizard

Skill      XL: |  1  2  3 |
---------------+----------+-----
Polearms       | 1 |  1.0
Fighting       | 1 |  1.0
Dodging        | 2 |  2.8
Spellcasting   | 3 |  3.1
Stealth        | |  1.7
Conjurations   | |  1.0
Air Magic      | |  3.0

Action                   |  1- 3 |  4- 6 || total
-------------------------+-------+-------++-------
Melee: Spear             |    39 |     1 ||    40
       Tailslap          |     4 |       ||     4
       Dagger            |     2 |       ||     2
       Unarmed           |     1 |       ||     1
 Cast: Shock             |    56 |     1 ||    57
       Swiftness         |     1 |       ||     1
  Use: Potion            |     5 |       ||     5
       Scroll            |     3 |       ||     3
  Eat: Chunk             |     1 |       ||     1
Armor: Skin              |     5 |     1 ||     6
Dodge: Dodged            |    23 |       ||    23
